 Dungeon Crawl Stone Soup version 0.28.0-53-g5a82cb258f (webtiles) character file.

Game seed: 3157697770973322405

52 DildoBatman the Conjurer (level 4, 0/30 HPs)
             Began as a Formicid Conjurer on July 3, 2022.
             Killed from afar by a dart slug (2 damage)
             ... with a slug dart
             ... on level 4 of the Dungeon.
             The game lasted 00:02:36 (979 turns).

DildoBatman the Conjurer (Formicid Conjurer)         Turns: 979, Time: 00:02:37

Health: 0/30       AC:  2    Str: 12    XL:     4   Next: 8%
Magic:  6/7        EV: 12    Int: 17    God:
Gold:   68         SH:  0    Dex: 11    Spells: 4/7 levels left

rFire   . . .      SeeInvis +   a - +1 falchion (flame)
rCold   . . .      Faith    .   (no shield)
rNeg    . . .      Spirit   .   f - +0 robe
rPois   .          Reflect  .   (helmet unavailable)
rElec   .          Harm     .   (no cloak)
rCorr   .          Rampage  .   (no gloves)
Will    .....                   (no boots)
Stlth   ++........              (no amulet)
HPRegen 0.10/turn               (no ring)
MPRegen 0.10/turn               (no ring)

@: no status effects
A: permanent stasis, dig shafts and tunnels, antennae 3, four strong arms
a: Dig, Shaft Self


You were on level 4 of the Dungeon.
You visited 1 branch of the dungeon, and saw 4 of its levels.

You collected 68 gold pieces.

Inventory:

Hand Weapons
 a - a +1 falchion of flaming (weapon)
Missiles
 b - 44 stones
 g - 24 sling bullets
Armour
 f - a +0 robe (worn)
Scrolls
 c - a scroll of identify {unknown}
 d - a scroll of blinking {unknown}
 j - a scroll of enchant armour {unknown}
Potions
 e - a potion of curing {unknown}
 h - 2 potions of might {unknown}
 i - a potion of lignification {unknown}
 k - a potion of heal wounds {unknown}


   Skills:
 - Level 1.7 Dodging
 - Level 2.4 Stealth
 - Level 2.1 Spellcasting
 * Level 4.9 Conjurations


You had 4 spell levels left.
You knew the following spells:

 Your Spells              Type           Power      Damage    Failure   Level
a - Searing Ray           Conj           36%        2d5       3%          2
c - Magic Dart            Conj           72%        1d6       2%          1

Your spell library contained the following spells:

 Spells                   Type           Power      Damage    Failure   Level
 Animate Skeleton         Necr           2%         N/A       19%         1
 Apportation              Tloc           2%         N/A       19%         1
 Summon Small Mammal      Summ           4%         N/A       19%         1
 Dazzling Flash           Conj/Hex       20%        N/A       21%         3
 Fulminant Prism          Conj/Hex       5%         3d7       56%         4
 Iskenderun's Mystic Bla  Conj/Tloc      10%        2d4       56%         4


Dungeon Overview and Level Annotations

Branches:
Dungeon (2/15)

Altars:


Innate Abilities, Weirdness & Mutations

You cannot be hasted, slowed, berserked, paralysed or teleported.
You can dig through walls and to a lower floor.
You have a pair of large antennae on your head. (SInv)
Your four strong arms can wield two-handed weapons with a shield.


Message History

The giant cockroach barely misses you. The dart slug misses you.
What are your orders? t - Shout!
Orders for allies: a - Attack new target. r - Retreat! s - Stop attacking. g - Guard the area. f - Follow me.
Anything else - Cancel.
You shout for attention!
The giant cockroach bites you but does no damage.
The giant cockroach closely misses you. The dart slug misses you.
What are your orders? t - Shout!
Orders for allies: a - Attack new target. r - Retreat! s - Stop attacking. g - Guard the area. f - Follow me.
Anything else - Cancel.
You shout for attention!
The giant cockroach closely misses you. What are your orders? t - Shout!
Orders for allies: a - Attack new target. r - Retreat! s - Stop attacking. g - Guard the area. f - Follow me.
Anything else - Cancel.
You shout for attention!
The dart slug bites you but does no damage.
The giant cockroach completely misses you.
What are your orders? t - Shout!
Orders for allies: a - Attack new target. r - Retreat! s - Stop attacking. g - Guard the area. f - Follow me.
Anything else - Cancel.
You shout for attention!
The giant cockroach bites you but does no damage.
The dart slug launches a dart at you. The slug dart hits you.
You die...

..#
##..#####
...>.:...
#........
#........
#........
#w.......
#@B......
#........
#########


You could see a dart slug and a giant cockroach.

Vanquished Creatures
  3 gnolls (D:2)
  A dart slug (D:1)
  3 endoplasms
  A giant cockroach (D:1)
  2 hobgoblins
  2 quokkas (D:1)
  2 ball pythons (D:1)
  2 bats (D:1)
  2 frilled lizards (D:1)
  2 goblins (D:1)
  4 rats
24 creatures vanquished.

Notes
Turn   | Place    | Note
-------+----------+-------------------------------------------
     0 | D:1      | DildoBatman the Formicid Conjurer began the quest for the
                  | Orb.
     0 | D:1      | Reached XP level 1. HP: 13/13 MP: 3/3
    38 | D:1      | Found a faded altar of an unknown god.
   208 | D:1      | Reached skill level 4 in Conjurations
   208 | D:1      | Reached XP level 2. HP: 16/19 MP: 1/5
   216 | D:1      | Learned a level 2 spell: Searing Ray
   737 | D:2      | Reached XP level 3. HP: 13/24 MP: 3/6
   917 | D:2      | Reached XP level 4. HP: 30/30 MP: 0/7
   919 | D:2      | You fall into a shaft and drop 1 floor!
   936 | D:3      | You fall into a shaft and drop 1 floor!
   974 | D:4      | HP: 1/30 [giant cockroach (1)]
   979 | D:4      | Killed from afar by a dart slug

Illustrated notes

Levels and vault maps discovered:
D:1:      matt_arrival_grand_opening, layout_loops_cross,
          hellmonk_ecumenical_altar_leap_of_faith
D:2:      layout_rooms, chequers_serial_rivers_large_b, kennysheep_donut
D:3:      layout_basic, uniq_jessica
D:4:      layout_basic, serial_shops, nicolae_shop_competitors_out_of_business,
          kennysheep_small_spiral, minivault_14, nrook_mini_vaults,
          minmay_vboxes

Skill      XL: |  1 |
---------------+----+-----
Conjurations   | 4 |  4.9
Dodging        | |  1.7
Stealth        | |  2.4
Spellcasting   | |  2.1

Action                   |  1- 3 |  4- 6 || total
-------------------------+-------+-------++-------
Melee: Falchion          |    28 |       ||    28
       Whip              |     4 |       ||     4
 Cast: Magic Dart        |    15 |       ||    15
       Searing Ray       |     5 |       ||     5
 Abil: Shaft Self        |       |     2 ||     2
Armor: Robe              |    11 |     9 ||    20
Dodge: Dodged            |    27 |    25 ||    52
